[ AOE2 MATCH · #463575574 ]
Team RMKhmer vs Spanish
[ REPLAY ANALYSIS · EXTRACTED FROM THE RECORDED GAME ]
Feudal
—
Castle
—
Imperial
—
| APM avg | 2.3 |
| APM peak | 33 |
| eAPM avg | 1.7 |
| Villagers / military | 15 / 0 |
Focus
⚔️ 3.3% · 🌾 96.7%
Feudal
—
Castle
—
Imperial
—
| APM avg | 15.8 |
| APM peak | 43 |
| eAPM avg | 9.8 |
| Villagers / military | 57 / 15 |
Focus
⚔️ 16.1% · 🌾 83.9%
Elephant Archer ×14 · Monk ×1
Feudal
11:10
Castle
19:41
Imperial
—
| APM avg | 20.3 |
| APM peak | 57 |
| eAPM avg | 10.5 |
| Villagers / military | 74 / 5 |
Focus
⚔️ 12.3% · 🌾 87.7%
Spearman ×5
Feudal
12:51
Castle
16:38
Imperial
—
| APM avg | 17.0 |
| APM peak | 54 |
| eAPM avg | 10.2 |
| Villagers / military | 38 / 50 |
Focus
⚔️ 45.5% · 🌾 54.5%
Shotel Warrior ×50
Feudal
14:14
Castle
—
Imperial
—
| APM avg | 16.2 |
| APM peak | 51 |
| eAPM avg | 11.1 |
| Villagers / military | 34 / 29 |
Focus
⚔️ 39.5% · 🌾 60.5%
Archer ×13 · Spearman ×12 · Militia ×4
Feudal
10:37
Castle
19:12
Imperial
—
| APM avg | 11.9 |
| APM peak | 32 |
| eAPM avg | 8.9 |
| Villagers / military | 64 / 23 |
Focus
⚔️ 20.2% · 🌾 79.8%
Knight ×11 · Conquistador ×10 · Trade Cart ×5 · Spearman ×2
Feudal
10:24
Castle
16:23
Imperial
—
| APM avg | 18.7 |
| APM peak | 44 |
| eAPM avg | 10.2 |
| Villagers / military | 64 / 0 |
Focus
⚔️ 7.9% · 🌾 92.1%
Feudal
10:51
Castle
25:42
Imperial
—
| APM avg | 10.0 |
| APM peak | 24 |
| eAPM avg | 7.2 |
| Villagers / military | 62 / 28 |
Focus
⚔️ 21.9% · 🌾 78.1%
Archer ×19 · Militia ×9
Match map
Initial resources + every placement click. Lines = walls · curves = elevation contours. ◆ gold · ⬟ stone · ● berries · ✦ relic · ◌ wall gap
Your base· Open — unwalled flank
ironside323437's base· Open — unwalled flank
how are you's base· Open — unwalled flank
The Russian Crumpet's base· Open — unwalled flank
pedr1n's base· Open — unwalled flank
Beast-Ki's base· Open — 5t gap
我的大姑妈's base· Open — unwalled flank
sebojo's base· Open — unwalled flank
Smoothed initial terrain · ◌ = detected wall gap · hover for details
Inputs per minute
— Vzla_Carlos18 - - ironside323437
Build order — Vzla_Carlos18
22 actions detected in the replay
| 0:11 | Research | Loom |
| 0:12 | Create | Villager (Male) |
| 0:12 | Create | Villager (Male) |
| 0:12 | Create | Villager (Male) |
| 0:13 | Create | Villager (Male) |
| 0:13 | Create | Villager (Male) |
| 0:13 | Create | Villager (Male) |
| 0:13 | Create | Villager (Male) |
| 0:27 | Build | House |
| 0:28 | Build | House |
| 0:30 | Build | House |
| 0:31 | Build | House |
| 0:34 | Build | House |
| 0:42 | Build | House |
| 2:23 | Create | Villager (Male) |
| 4:08 | Create | Villager (Male) |
| 4:08 | Create | Villager (Male) |
| 4:08 | Create | Villager (Male) |
| 4:08 | Create | Villager (Male) |
| 4:09 | Create | Villager (Male) |
| 4:25 | Create | Villager (Male) |
| 4:25 | Create | Villager (Male) |
Build order — ironside323437
137 actions detected in the replay
| 0:06 | Create | Villager (Male) |
| 0:06 | Create | Villager (Male) |
| 0:06 | Create | Villager (Male) |
| 0:10 | Build | House |
| 0:18 | Create | Villager (Male) |
| 0:19 | Create | Villager (Male) |
| 0:56 | Research | Loom |
| 1:34 | Build | House |
| 1:35 | Build | House |
| 1:36 | Build | House |
| 2:29 | Create | Villager (Male) |
| 2:30 | Create | Villager (Male) |
| 3:05 | Build | Lumber Camp |
| 3:17 | Create | Villager (Male) |
| 3:17 | Create | Villager (Male) |
| 3:46 | Create | Villager (Male) |
| 4:32 | Create | Villager (Male) |
| 4:41 | Create | Villager (Male) |
| 5:09 | Build | Mill |
| 5:50 | Create | Villager (Male) |
| 5:50 | Create | Villager (Male) |
| 5:51 | Create | Villager (Male) |
| 5:51 | Create | Villager (Male) |
| 5:51 | Create | Villager (Male) |
| 5:51 | Create | Villager (Male) |
| 8:02 | Research | Feudal Age |
| 10:06 | Create | Villager (Male) |
| 10:06 | Create | Villager (Male) |
| 10:07 | Create | Villager (Male) |
| 10:07 | Create | Villager (Male) |
| 10:07 | Create | Villager (Male) |
| 10:08 | Create | Villager (Male) |
| 10:32 | Research | Double-Bit Axe |
| 10:40 | Research | Wheelbarrow |
| 10:48 | Research | Town Watch |
| 11:12 | Build | Farm |
| 11:26 | Research | Horse Collar |
| 12:14 | Create | Villager (Male) |
| 12:15 | Create | Villager (Male) |
| 12:33 | Build | Farm |
| 12:34 | Build | Farm |
| 12:35 | Build | Farm |
| 12:44 | Build | Blacksmith |
| 13:14 | Create | Villager (Male) |
| 13:15 | Create | Villager (Male) |
| 13:15 | Create | Villager (Male) |
| 13:37 | Build | House |
| 14:14 | Build | House |
| 14:16 | Build | House |
| 14:17 | Build | House |
| 14:18 | Build | House |
| 14:40 | Build | Farm |
| 14:41 | Build | Farm |
| 14:43 | Build | Farm |
| 14:50 | Build | Farm |
| 14:50 | Build | Farm |
| 14:52 | Build | Farm |
| 14:55 | Create | Villager (Male) |
| 14:55 | Create | Villager (Male) |
| 14:55 | Create | Villager (Male) |
| 15:23 | Build | Market |
| 15:48 | Build | Farm |
| 16:00 | Build | Farm |
| 16:32 | Build | Farm |
| 16:40 | Research | Castle Age |
| 17:59 | Build | Stone Wall |
| 18:22 | Create | Villager (Male) |
| 18:23 | Create | Villager (Male) |
| 18:23 | Create | Villager (Male) |
| 18:36 | Build | Barracks |
| 19:14 | Build | House |
| 19:34 | Research | Hand Cart |
| 20:33 | Build | Watch Tower |
| 20:36 | Research | Fletching |
| 20:52 | Build | Barracks |
| 21:05 | Build | Stone Wall |
| 21:20 | Create | Villager (Male) |
| 21:21 | Create | Villager (Male) |
| 21:21 | Create | Villager (Male) |
| 21:21 | Create | Villager (Male) |
| 21:21 | Create | Villager (Male) |
| 21:27 | Research | Bow Saw |
| 21:37 | Build | Barracks |
| 21:41 | Build | Archery Range |
| 21:46 | Build | Archery Range |
| 22:19 | Build | Watch Tower |
| 22:28 | Build | Monastery |
| 22:37 | Research | Bodkin Arrow |
| 22:40 | Create | Villager (Male) |
| 22:40 | Create | Villager (Male) |
| 22:41 | Create | Villager (Male) |
| 22:54 | Research | Heavy Plow |
| 23:08 | Build | Farm |
| 23:15 | Build | Farm |
| 23:17 | Build | Farm |
| 23:23 | Create | Monk |
| 24:26 | Build | Town Center |
| 24:39 | Build | Mining Camp |
| 24:51 | Build | Stone Wall |
| 25:17 | Build | Farm |
| 25:22 | Research | Town Patrol |
| 25:23 | Create | Villager (Male) |
| 25:23 | Create | Villager (Male) |
| 25:23 | Create | Villager (Male) |
| 25:23 | Create | Villager (Male) |
| 25:24 | Create | Villager (Male) |
| 25:24 | Create | Villager (Male) |
| 25:35 | Build | Farm |
| 25:56 | Research | Stone Mining |
| 25:57 | Research | Gold Mining |
| 26:03 | Create | Villager (Male) |
| 26:03 | Create | Villager (Male) |
| 26:03 | Create | Villager (Male) |
| 26:04 | Create | Villager (Male) |
| 26:04 | Create | Villager (Male) |
| 26:33 | Build | Stone Wall |
| 26:59 | Build | Farm |
| 27:36 | Build | Stable |
| 27:50 | Build | Stable |
| 28:09 | Build | Stable |
| 28:14 | Create | Villager (Male) |
| 28:15 | Create | Villager (Male) |
| 28:15 | Create | Villager (Male) |
| 29:00 | Create | Elephant Archer |
| 29:00 | Create | Elephant Archer |
| 29:00 | Create | Elephant Archer |
| 29:00 | Create | Elephant Archer |
| 29:01 | Create | Elephant Archer |
| 29:01 | Create | Elephant Archer |
| 29:01 | Create | Elephant Archer |
| 29:02 | Create | Elephant Archer |
| 29:02 | Create | Elephant Archer |
| 29:02 | Create | Elephant Archer |
| 29:02 | Create | Elephant Archer |
| 29:03 | Create | Elephant Archer |
| 29:03 | Create | Elephant Archer |
| 29:03 | Create | Elephant Archer |
Build order — how are you
First 150 of 155 actions detected
| 0:09 | Create | Villager (Male) |
| 0:09 | Create | Villager (Male) |
| 0:15 | Build | House |
| 0:18 | Create | Villager (Male) |
| 0:18 | Create | Villager (Male) |
| 0:53 | Build | House |
| 1:37 | Create | Villager (Male) |
| 2:38 | Build | Mill |
| 2:43 | Create | Villager (Male) |
| 2:43 | Create | Villager (Male) |
| 2:43 | Create | Villager (Male) |
| 3:27 | Build | Lumber Camp |
| 3:33 | Create | Villager (Male) |
| 3:33 | Create | Villager (Male) |
| 3:52 | Build | House |
| 3:59 | Create | Villager (Male) |
| 3:59 | Create | Villager (Male) |
| 4:21 | Create | Villager (Male) |
| 4:21 | Create | Villager (Male) |
| 4:42 | Create | Villager (Male) |
| 4:42 | Create | Villager (Male) |
| 5:12 | Create | Villager (Male) |
| 5:12 | Create | Villager (Male) |
| 5:37 | Create | Villager (Male) |
| 5:37 | Create | Villager (Male) |
| 5:56 | Create | Villager (Male) |
| 6:08 | Build | House |
| 6:15 | Build | House |
| 6:16 | Build | House |
| 6:29 | Create | Villager (Male) |
| 6:30 | Create | Villager (Male) |
| 6:30 | Create | Villager (Male) |
| 6:59 | Create | Villager (Male) |
| 6:59 | Create | Villager (Male) |
| 7:27 | Create | Villager (Male) |
| 7:27 | Create | Villager (Male) |
| 8:01 | Create | Villager (Male) |
| 8:02 | Create | Villager (Male) |
| 8:02 | Create | Villager (Male) |
| 8:58 | Research | Feudal Age |
| 10:51 | Build | Mining Camp |
| 11:10 | Age | Feudal Age |
| 11:10 | Research | Wheelbarrow |
| 11:10 | Research | Wheelbarrow |
| 11:15 | Research | Horse Collar |
| 12:02 | Build | Blacksmith |
| 12:30 | Build | Farm |
| 12:31 | Build | Farm |
| 12:33 | Build | Farm |
| 12:35 | Build | Farm |
| 12:36 | Build | Farm |
| 12:37 | Build | Farm |
| 12:37 | Build | Farm |
| 12:37 | Build | Farm |
| 12:38 | Build | Farm |
| 12:38 | Build | Farm |
| 12:38 | Build | Farm |
| 12:39 | Build | Farm |
| 12:39 | Build | Farm |
| 12:39 | Build | Farm |
| 12:39 | Build | Farm |
| 12:40 | Build | Farm |
| 12:40 | Build | Farm |
| 12:40 | Build | Farm |
| 12:41 | Build | Farm |
| 12:41 | Build | Farm |
| 12:42 | Build | Farm |
| 12:54 | Create | Villager (Male) |
| 12:54 | Create | Villager (Male) |
| 12:54 | Create | Villager (Male) |
| 13:03 | Build | Farm |
| 13:30 | Build | House |
| 13:44 | Create | Villager (Male) |
| 14:07 | Build | Farm |
| 14:08 | Build | Farm |
| 14:10 | Build | Farm |
| 14:11 | Build | Farm |
| 14:13 | Build | Farm |
| 14:20 | Create | Villager (Male) |
| 14:20 | Create | Villager (Male) |
| 14:21 | Create | Villager (Male) |
| 14:21 | Create | Villager (Male) |
| 14:38 | Build | Lumber Camp |
| 15:31 | Build | House |
| 15:51 | Build | Market |
| 16:07 | Research | Loom |
| 16:54 | Build | Barracks |
| 17:01 | Research | Castle Age |
| 17:13 | Build | House |
| 17:27 | Research | Fletching |
| 18:11 | Research | Double-Bit Axe |
| 18:54 | Create | Spearman |
| 18:54 | Create | Spearman |
| 18:54 | Create | Spearman |
| 18:55 | Create | Spearman |
| 18:55 | Create | Spearman |
| 19:41 | Age | Castle Age |
| 20:03 | Build | Town Center |
| 20:11 | Research | Hand Cart |
| 20:13 | Create | Villager (Male) |
| 20:28 | Research | Heavy Plow |
| 20:52 | Build | Farm |
| 20:53 | Build | Farm |
| 20:55 | Build | Farm |
| 20:59 | Build | Farm |
| 21:02 | Build | Farm |
| 21:03 | Build | Farm |
| 21:11 | Research | Town Watch |
| 21:12 | Create | Villager (Male) |
| 21:12 | Create | Villager (Male) |
| 21:19 | Create | Villager (Male) |
| 21:33 | Create | Villager (Male) |
| 21:44 | Create | Villager (Male) |
| 21:46 | Create | Villager (Male) |
| 22:03 | Create | Villager (Male) |
| 22:16 | Create | Villager (Male) |
| 22:33 | Create | Villager (Male) |
| 22:36 | Create | Villager (Male) |
| 22:48 | Create | Villager (Male) |
| 22:50 | Create | Villager (Male) |
| 22:53 | Create | Villager (Male) |
| 23:06 | Build | Farm |
| 23:22 | Build | Farm |
| 23:56 | Research | Town Patrol |
| 24:07 | Research | Squires |
| 24:17 | Create | Villager (Male) |
| 24:17 | Create | Villager (Male) |
| 24:33 | Research | Stone Mining |
| 25:11 | Create | Villager (Male) |
| 25:11 | Create | Villager (Male) |
| 25:12 | Create | Villager (Male) |
| 25:17 | Create | Villager (Male) |
| 25:17 | Create | Villager (Male) |
| 25:17 | Create | Villager (Male) |
| 25:17 | Create | Villager (Male) |
| 26:04 | Research | Pikeman (upgrade) |
| 26:18 | Build | House |
| 26:24 | Build | House |
| 26:25 | Build | House |
| 26:27 | Build | House |
| 26:29 | Build | House |
| 26:50 | Create | Villager (Male) |
| 26:50 | Create | Villager (Male) |
| 26:50 | Create | Villager (Male) |
| 27:03 | Research | Bodkin Arrow |
| 27:29 | Build | Castle |
| 28:38 | Create | Villager (Male) |
| 28:38 | Create | Villager (Male) |
| 28:38 | Create | Villager (Male) |
| 28:38 | Create | Villager (Male) |
Build order — The Russian Crumpet
126 actions detected in the replay
| 0:06 | Build | House |
| 0:10 | Build | House |
| 0:12 | Create | Villager (Male) |
| 0:12 | Create | Villager (Male) |
| 0:12 | Create | Villager (Male) |
| 0:13 | Create | Villager (Male) |
| 1:36 | Create | Villager (Male) |
| 1:56 | Build | Lumber Camp |
| 2:27 | Create | Villager (Male) |
| 2:30 | Create | Villager (Male) |
| 3:16 | Create | Villager (Male) |
| 3:24 | Create | Villager (Male) |
| 4:11 | Build | House |
| 4:13 | Build | House |
| 4:26 | Create | Villager (Male) |
| 4:26 | Create | Villager (Male) |
| 4:26 | Create | Villager (Male) |
| 4:58 | Build | Mill |
| 5:06 | Create | Villager (Male) |
| 5:07 | Create | Villager (Male) |
| 5:33 | Create | Villager (Male) |
| 5:33 | Create | Villager (Male) |
| 6:25 | Create | Villager (Male) |
| 6:27 | Create | Villager (Male) |
| 6:34 | Build | Farm |
| 6:37 | Build | Farm |
| 6:42 | Create | Villager (Male) |
| 6:43 | Create | Villager (Male) |
| 7:03 | Create | Villager (Male) |
| 7:04 | Create | Villager (Male) |
| 7:04 | Create | Villager (Male) |
| 7:30 | Build | Lumber Camp |
| 8:32 | Create | Villager (Male) |
| 8:33 | Create | Villager (Male) |
| 8:33 | Create | Villager (Male) |
| 8:41 | Build | House |
| 9:30 | Build | Mining Camp |
| 9:37 | Create | Villager (Male) |
| 9:40 | Create | Villager (Male) |
| 10:02 | Research | Feudal Age |
| 10:20 | Build | Mining Camp |
| 11:05 | Create | Villager (Male) |
| 11:06 | Create | Villager (Male) |
| 11:21 | Build | Farm |
| 11:22 | Build | Farm |
| 11:23 | Build | Farm |
| 11:24 | Build | Farm |
| 11:25 | Build | Farm |
| 12:03 | Build | House |
| 12:51 | Age | Feudal Age |
| 12:57 | Build | Blacksmith |
| 13:03 | Build | Market |
| 13:46 | Build | Farm |
| 13:48 | Build | Farm |
| 13:58 | Research | Castle Age |
| 14:31 | Build | Farm |
| 14:35 | Build | Farm |
| 14:42 | Build | Farm |
| 15:22 | Research | Loom |
| 16:05 | Create | Villager (Male) |
| 16:05 | Create | Villager (Male) |
| 16:06 | Create | Villager (Male) |
| 16:38 | Age | Castle Age |
| 17:54 | Build | Castle |
| 19:16 | Build | House |
| 19:17 | Build | House |
| 19:18 | Build | House |
| 19:19 | Build | House |
| 19:31 | Create | Shotel Warrior |
| 19:31 | Create | Shotel Warrior |
| 19:32 | Create | Shotel Warrior |
| 19:32 | Create | Shotel Warrior |
| 19:32 | Create | Shotel Warrior |
| 19:32 | Create | Shotel Warrior |
| 19:33 | Create | Shotel Warrior |
| 19:33 | Create | Shotel Warrior |
| 19:46 | Research | Fletching |
| 20:02 | Create | Shotel Warrior |
| 20:02 | Create | Shotel Warrior |
| 20:02 | Create | Shotel Warrior |
| 20:02 | Create | Shotel Warrior |
| 20:03 | Create | Shotel Warrior |
| 20:03 | Create | Shotel Warrior |
| 22:03 | Create | Shotel Warrior |
| 22:03 | Create | Shotel Warrior |
| 22:04 | Create | Shotel Warrior |
| 22:04 | Create | Shotel Warrior |
| 22:32 | Create | Shotel Warrior |
| 22:32 | Create | Shotel Warrior |
| 22:49 | Create | Villager (Male) |
| 22:49 | Create | Villager (Male) |
| 22:49 | Create | Villager (Male) |
| 22:49 | Create | Villager (Male) |
| 22:50 | Create | Villager (Male) |
| 23:25 | Create | Shotel Warrior |
| 23:25 | Create | Shotel Warrior |
| 23:25 | Create | Shotel Warrior |
| 24:11 | Build | Mining Camp |
| 24:30 | Create | Shotel Warrior |
| 24:30 | Create | Shotel Warrior |
| 24:30 | Create | Shotel Warrior |
| 24:30 | Create | Shotel Warrior |
| 25:43 | Create | Shotel Warrior |
| 25:43 | Create | Shotel Warrior |
| 25:44 | Create | Shotel Warrior |
| 25:44 | Create | Shotel Warrior |
| 25:44 | Create | Shotel Warrior |
| 25:44 | Create | Shotel Warrior |
| 25:45 | Create | Shotel Warrior |
| 25:45 | Create | Shotel Warrior |
| 26:22 | Research | Scale Mail Armor |
| 27:27 | Create | Shotel Warrior |
| 27:28 | Create | Shotel Warrior |
| 27:28 | Create | Shotel Warrior |
| 27:29 | Create | Shotel Warrior |
| 27:29 | Create | Shotel Warrior |
| 27:29 | Create | Shotel Warrior |
| 27:29 | Create | Shotel Warrior |
| 27:30 | Create | Shotel Warrior |
| 27:30 | Create | Shotel Warrior |
| 27:30 | Create | Shotel Warrior |
| 27:31 | Create | Shotel Warrior |
| 27:31 | Create | Shotel Warrior |
| 27:31 | Create | Shotel Warrior |
| 27:32 | Create | Shotel Warrior |
| 27:32 | Create | Shotel Warrior |
Build order — pedr1n
94 actions detected in the replay
| 0:05 | Build | House |
| 0:11 | Build | House |
| 1:11 | Create | Villager (Male) |
| 1:12 | Create | Villager (Male) |
| 1:12 | Create | Villager (Male) |
| 1:12 | Create | Villager (Male) |
| 1:13 | Create | Villager (Male) |
| 1:52 | Create | Villager (Male) |
| 1:52 | Create | Villager (Male) |
| 3:11 | Build | Mining Camp |
| 3:38 | Create | Villager (Male) |
| 3:38 | Create | Villager (Male) |
| 3:39 | Create | Villager (Male) |
| 3:39 | Create | Villager (Male) |
| 6:20 | Build | Lumber Camp |
| 6:47 | Create | Villager (Male) |
| 6:48 | Create | Villager (Male) |
| 6:48 | Create | Villager (Male) |
| 6:48 | Create | Villager (Male) |
| 6:49 | Create | Villager (Male) |
| 6:49 | Create | Villager (Male) |
| 6:49 | Create | Villager (Male) |
| 7:25 | Create | Villager (Male) |
| 7:25 | Create | Villager (Male) |
| 7:25 | Create | Villager (Male) |
| 7:34 | Build | House |
| 8:26 | Build | Mill |
| 8:48 | Create | Villager (Male) |
| 8:48 | Create | Villager (Male) |
| 9:38 | Build | House |
| 11:01 | Build | Barracks |
| 12:04 | Research | Feudal Age |
| 12:27 | Create | Villager (Male) |
| 13:19 | Create | Villager (Male) |
| 13:19 | Create | Villager (Male) |
| 13:20 | Create | Villager (Male) |
| 14:14 | Age | Feudal Age |
| 14:36 | Build | Farm |
| 14:41 | Build | Farm |
| 14:50 | Build | Farm |
| 14:55 | Build | Farm |
| 14:57 | Build | Farm |
| 14:58 | Build | Farm |
| 15:01 | Build | Farm |
| 15:05 | Build | Farm |
| 15:09 | Build | Farm |
| 15:32 | Build | House |
| 15:45 | Build | Farm |
| 16:05 | Build | House |
| 16:15 | Build | Farm |
| 16:35 | Build | Farm |
| 16:59 | Build | Farm |
| 17:38 | Research | Horse Collar |
| 18:08 | Create | Villager (Male) |
| 18:09 | Create | Villager (Male) |
| 18:09 | Create | Villager (Male) |
| 18:09 | Create | Villager (Male) |
| 18:09 | Create | Villager (Male) |
| 18:10 | Create | Villager (Male) |
| 18:10 | Create | Villager (Male) |
| 18:33 | Create | Spearman |
| 18:33 | Create | Spearman |
| 18:34 | Create | Spearman |
| 18:34 | Create | Spearman |
| 18:34 | Create | Spearman |
| 18:34 | Create | Spearman |
| 18:35 | Create | Spearman |
| 18:35 | Create | Spearman |
| 18:35 | Create | Spearman |
| 18:35 | Create | Spearman |
| 18:36 | Create | Spearman |
| 18:36 | Create | Spearman |
| 18:53 | Build | Watch Tower |
| 19:25 | Build | Archery Range |
| 20:15 | Build | Blacksmith |
| 20:43 | Create | Archer |
| 20:43 | Create | Archer |
| 20:44 | Create | Archer |
| 20:44 | Create | Archer |
| 20:44 | Create | Archer |
| 20:45 | Create | Archer |
| 20:45 | Create | Archer |
| 20:45 | Create | Archer |
| 20:45 | Create | Archer |
| 20:46 | Create | Archer |
| 20:46 | Create | Archer |
| 20:59 | Research | Fletching |
| 21:02 | Research | Padded Archer Armor |
| 21:54 | Create | Archer |
| 21:54 | Create | Archer |
| 22:16 | Create | Militia |
| 22:16 | Create | Militia |
| 22:16 | Create | Militia |
| 22:16 | Create | Militia |
Build order — Beast-Ki
149 actions detected in the replay
| 0:01 | Create | Villager (Male) |
| 0:01 | Create | Villager (Male) |
| 0:02 | Create | Villager (Male) |
| 0:05 | Build | House |
| 0:08 | Build | House |
| 0:21 | Create | Villager (Male) |
| 1:28 | Create | Villager (Male) |
| 2:19 | Create | Villager (Male) |
| 2:41 | Create | Villager (Male) |
| 3:08 | Build | House |
| 3:10 | Create | Villager (Male) |
| 3:10 | Create | Villager (Male) |
| 3:36 | Build | Lumber Camp |
| 3:39 | Create | Villager (Male) |
| 3:39 | Create | Villager (Male) |
| 4:16 | Create | Villager (Male) |
| 4:17 | Create | Villager (Male) |
| 4:29 | Create | Villager (Male) |
| 4:29 | Create | Villager (Male) |
| 5:03 | Create | Villager (Male) |
| 5:17 | Build | House |
| 5:22 | Create | Villager (Male) |
| 5:22 | Create | Villager (Male) |
| 7:11 | Build | Mill |
| 7:15 | Create | Villager (Male) |
| 7:16 | Create | Villager (Male) |
| 8:23 | Create | Villager (Male) |
| 8:24 | Create | Villager (Male) |
| 8:27 | Research | Feudal Age |
| 8:50 | Build | Mining Camp |
| 8:53 | Create | Villager (Male) |
| 8:53 | Create | Villager (Male) |
| 9:22 | Create | Villager (Male) |
| 9:22 | Create | Villager (Male) |
| 9:54 | Build | Lumber Camp |
| 10:10 | Create | Villager (Male) |
| 10:11 | Create | Villager (Male) |
| 10:37 | Age | Feudal Age |
| 10:52 | Create | Villager (Male) |
| 10:52 | Create | Villager (Male) |
| 11:06 | Build | Blacksmith |
| 11:27 | Build | House |
| 11:30 | Create | Villager (Male) |
| 11:30 | Create | Villager (Male) |
| 12:15 | Create | Villager (Male) |
| 12:15 | Create | Villager (Male) |
| 12:21 | Build | House |
| 12:43 | Build | Farm |
| 12:51 | Build | Market |
| 13:11 | Build | Farm |
| 13:15 | Build | Farm |
| 13:47 | Build | Mining Camp |
| 13:56 | Create | Villager (Male) |
| 14:03 | Build | Farm |
| 14:25 | Build | Farm |
| 14:30 | Build | Farm |
| 14:49 | Build | Farm |
| 14:53 | Build | Farm |
| 15:08 | Create | Villager (Male) |
| 15:08 | Create | Villager (Male) |
| 15:29 | Build | House |
| 16:03 | Build | Barracks |
| 16:07 | Create | Villager (Male) |
| 16:19 | Research | Castle Age |
| 16:28 | Build | Mining Camp |
| 16:41 | Research | Gold Mining |
| 17:19 | Research | Double-Bit Axe |
| 17:52 | Research | Horse Collar |
| 18:36 | Create | Spearman |
| 18:37 | Create | Spearman |
| 18:43 | Create | Villager (Male) |
| 18:43 | Create | Villager (Male) |
| 18:54 | Build | Farm |
| 18:56 | Build | Farm |
| 19:12 | Age | Castle Age |
| 19:24 | Build | Town Center |
| 19:36 | Create | Villager (Male) |
| 19:47 | Build | House |
| 20:01 | Create | Villager (Male) |
| 20:13 | Create | Villager (Male) |
| 20:13 | Create | Villager (Male) |
| 20:13 | Create | Villager (Male) |
| 20:57 | Build | Farm |
| 21:05 | Build | Farm |
| 21:09 | Build | Farm |
| 21:12 | Build | Farm |
| 21:15 | Create | Villager (Male) |
| 21:16 | Create | Villager (Male) |
| 21:18 | Create | Villager (Male) |
| 21:18 | Create | Villager (Male) |
| 21:36 | Create | Villager (Male) |
| 21:36 | Create | Villager (Male) |
| 21:36 | Create | Villager (Male) |
| 21:49 | Build | Mining Camp |
| 22:04 | Research | Pikeman (upgrade) |
| 22:24 | Create | Villager (Male) |
| 22:24 | Create | Villager (Male) |
| 22:41 | Build | Farm |
| 22:54 | Build | Farm |
| 23:02 | Create | Villager (Male) |
| 23:03 | Create | Villager (Male) |
| 23:06 | Build | House |
| 23:30 | Build | Castle |
| 23:46 | Research | Wheelbarrow |
| 24:00 | Build | Farm |
| 24:11 | Create | Villager (Male) |
| 24:11 | Create | Villager (Male) |
| 24:11 | Create | Villager (Male) |
| 24:12 | Create | Villager (Male) |
| 24:12 | Create | Villager (Male) |
| 24:12 | Create | Villager (Male) |
| 24:50 | Build | House |
| 24:53 | Create | Conquistador |
| 24:54 | Create | Conquistador |
| 24:54 | Create | Conquistador |
| 24:54 | Create | Conquistador |
| 25:06 | Build | Stable |
| 25:13 | Create | Conquistador |
| 25:18 | Create | Villager (Male) |
| 25:35 | Build | Stable |
| 25:42 | Create | Knight |
| 25:42 | Create | Knight |
| 25:46 | Create | Knight |
| 25:54 | Create | Villager (Male) |
| 26:02 | Create | Knight |
| 26:12 | Build | Stable |
| 26:25 | Create | Knight |
| 26:25 | Create | Knight |
| 26:54 | Build | Castle |
| 26:58 | Create | Knight |
| 26:59 | Create | Knight |
| 26:59 | Create | Knight |
| 27:10 | Research | Forging |
| 27:11 | Research | Scale Barding Armor |
| 27:12 | Research | Fletching |
| 27:18 | Create | Knight |
| 27:30 | Create | Trade Cart |
| 27:31 | Create | Trade Cart |
| 27:31 | Create | Trade Cart |
| 27:31 | Create | Trade Cart |
| 27:31 | Create | Trade Cart |
| 27:55 | Create | Conquistador |
| 27:56 | Create | Conquistador |
| 27:56 | Create | Conquistador |
| 27:59 | Create | Knight |
| 28:15 | Research | Iron Casting |
| 28:29 | Create | Conquistador |
| 28:29 | Create | Conquistador |
| 29:08 | Build | Siege Workshop |
Build order — 我的大姑妈
128 actions detected in the replay
| 0:01 | Create | Villager (Male) |
| 0:02 | Create | Villager (Male) |
| 0:02 | Create | Villager (Male) |
| 0:05 | Build | House |
| 0:09 | Build | House |
| 0:11 | Create | Villager (Male) |
| 0:11 | Create | Villager (Male) |
| 0:11 | Create | Villager (Male) |
| 0:11 | Create | Villager (Male) |
| 1:45 | Create | Villager (Male) |
| 1:57 | Build | Lumber Camp |
| 2:04 | Create | Villager (Male) |
| 2:59 | Create | Villager (Male) |
| 3:39 | Create | Villager (Male) |
| 3:39 | Create | Villager (Male) |
| 3:40 | Create | Villager (Male) |
| 3:40 | Create | Villager (Male) |
| 3:47 | Build | House |
| 4:13 | Build | House |
| 4:45 | Create | Villager (Male) |
| 4:47 | Create | Villager (Male) |
| 5:12 | Build | Mill |
| 5:26 | Create | Villager (Male) |
| 5:51 | Create | Villager (Male) |
| 6:02 | Create | Villager (Male) |
| 6:15 | Create | Villager (Male) |
| 6:16 | Create | Villager (Male) |
| 6:37 | Create | Villager (Male) |
| 7:08 | Create | Villager (Male) |
| 7:43 | Create | Villager (Male) |
| 8:20 | Research | Feudal Age |
| 8:21 | Research | Feudal Age |
| 8:21 | Research | Feudal Age |
| 10:24 | Age | Feudal Age |
| 10:34 | Create | Villager (Male) |
| 10:36 | Create | Villager (Male) |
| 10:42 | Build | Market |
| 10:46 | Build | Blacksmith |
| 10:49 | Build | Mining Camp |
| 11:01 | Create | Villager (Male) |
| 11:08 | Research | Horse Collar |
| 11:14 | Research | Double-Bit Axe |
| 12:02 | Build | House |
| 12:20 | Create | Villager (Male) |
| 12:51 | Create | Villager (Male) |
| 13:01 | Build | Farm |
| 13:01 | Build | Farm |
| 13:02 | Build | Farm |
| 13:03 | Build | Farm |
| 13:05 | Build | Farm |
| 13:54 | Build | Lumber Camp |
| 13:58 | Research | Castle Age |
| 14:15 | Create | Villager (Male) |
| 14:26 | Build | Mining Camp |
| 14:42 | Build | House |
| 14:43 | Build | House |
| 15:29 | Build | Farm |
| 15:29 | Build | Farm |
| 15:29 | Build | Farm |
| 15:30 | Build | Farm |
| 15:31 | Build | Farm |
| 15:32 | Build | Farm |
| 16:23 | Age | Castle Age |
| 16:34 | Build | Stone Wall |
| 16:43 | Build | Stone Wall |
| 16:52 | Create | Villager (Male) |
| 16:52 | Create | Villager (Male) |
| 17:23 | Build | Town Center |
| 17:29 | Create | Villager (Male) |
| 17:31 | Create | Villager (Male) |
| 17:40 | Build | Farm |
| 17:40 | Build | Farm |
| 18:19 | Build | Stone Wall |
| 18:27 | Build | Stone Wall |
| 18:29 | Build | Stone Wall |
| 18:34 | Build | Stone Wall |
| 18:39 | Create | Villager (Male) |
| 18:39 | Create | Villager (Male) |
| 18:42 | Create | Villager (Male) |
| 18:48 | Build | Stone Wall |
| 18:54 | Research | Bow Saw |
| 18:59 | Create | Villager (Male) |
| 19:00 | Create | Villager (Male) |
| 19:02 | Create | Villager (Male) |
| 19:06 | Create | Villager (Male) |
| 19:06 | Create | Villager (Male) |
| 19:06 | Create | Villager (Male) |
| 19:28 | Research | Heavy Plow |
| 19:28 | Research | Heavy Plow |
| 20:01 | Build | Stone Wall |
| 20:05 | Build | Stone Wall |
| 20:22 | Create | Villager (Male) |
| 20:23 | Create | Villager (Male) |
| 20:24 | Create | Villager (Male) |
| 20:25 | Create | Villager (Male) |
| 20:32 | Build | Town Center |
| 20:35 | Create | Villager (Male) |
| 20:35 | Create | Villager (Male) |
| 20:45 | Create | Villager (Male) |
| 21:04 | Research | Stone Mining |
| 21:05 | Research | Stone Mining |
| 21:11 | Build | Farm |
| 21:11 | Build | Farm |
| 21:12 | Build | Farm |
| 21:12 | Build | Farm |
| 21:15 | Build | Farm |
| 21:30 | Create | Villager (Male) |
| 21:30 | Create | Villager (Male) |
| 21:30 | Create | Villager (Male) |
| 21:37 | Build | House |
| 21:39 | Build | House |
| 21:39 | Build | House |
| 21:49 | Create | Villager (Male) |
| 21:49 | Create | Villager (Male) |
| 22:09 | Build | Stone Wall |
| 22:13 | Build | Stone Wall |
| 22:19 | Build | Stone Wall |
| 22:29 | Create | Villager (Male) |
| 22:33 | Create | Villager (Male) |
| 22:33 | Create | Villager (Male) |
| 22:34 | Create | Villager (Male) |
| 22:35 | Create | Villager (Male) |
| 22:58 | Build | University |
| 23:06 | Build | Monastery |
| 23:15 | Create | Villager (Male) |
| 23:15 | Create | Villager (Male) |
| 23:15 | Create | Villager (Male) |
| 23:15 | Create | Villager (Male) |
Build order — sebojo
First 150 of 167 actions detected
| 0:08 | Create | Villager (Male) |
| 0:08 | Create | Villager (Male) |
| 0:08 | Create | Villager (Male) |
| 0:09 | Create | Villager (Male) |
| 0:15 | Build | House |
| 0:40 | Build | House |
| 1:57 | Create | Villager (Male) |
| 1:57 | Create | Villager (Male) |
| 1:59 | Create | Villager (Male) |
| 2:24 | Create | Villager (Male) |
| 2:51 | Create | Villager (Male) |
| 2:59 | Create | Villager (Male) |
| 3:49 | Create | Villager (Male) |
| 3:49 | Create | Villager (Male) |
| 3:50 | Create | Villager (Male) |
| 4:00 | Build | House |
| 4:04 | Build | House |
| 4:13 | Build | Mill |
| 4:34 | Create | Villager (Male) |
| 4:34 | Create | Villager (Male) |
| 4:34 | Create | Villager (Male) |
| 6:36 | Create | Villager (Male) |
| 6:37 | Create | Villager (Male) |
| 6:37 | Create | Villager (Male) |
| 6:37 | Create | Villager (Male) |
| 6:37 | Create | Villager (Male) |
| 6:38 | Create | Villager (Male) |
| 6:57 | Build | Lumber Camp |
| 8:39 | Research | Feudal Age |
| 9:11 | Build | House |
| 9:15 | Build | House |
| 9:19 | Build | House |
| 9:22 | Build | House |
| 9:56 | Build | Palisade Wall |
| 10:05 | Build | Palisade Wall |
| 10:40 | Build | Farm |
| 10:47 | Build | Farm |
| 10:51 | Age | Feudal Age |
| 10:54 | Build | Farm |
| 11:02 | Build | Farm |
| 11:09 | Build | Farm |
| 11:18 | Build | Farm |
| 11:25 | Build | Farm |
| 11:27 | Research | Wheelbarrow |
| 11:28 | Create | Villager (Male) |
| 11:29 | Create | Villager (Male) |
| 11:29 | Create | Villager (Male) |
| 11:29 | Create | Villager (Male) |
| 11:29 | Create | Villager (Male) |
| 11:30 | Create | Villager (Male) |
| 11:30 | Create | Villager (Male) |
| 11:37 | Build | Farm |
| 11:44 | Build | Farm |
| 12:09 | Build | Mining Camp |
| 12:32 | Build | Palisade Wall |
| 13:21 | Build | Farm |
| 13:23 | Research | Horse Collar |
| 13:29 | Research | Double-Bit Axe |
| 14:11 | Build | Palisade Wall |
| 14:44 | Build | Farm |
| 14:51 | Build | Farm |
| 14:57 | Build | Farm |
| 15:19 | Build | Barracks |
| 15:54 | Build | Mining Camp |
| 16:11 | Research | Town Watch |
| 16:12 | Research | Loom |
| 16:31 | Build | Market |
| 16:37 | Create | Villager (Male) |
| 16:40 | Create | Villager (Male) |
| 16:41 | Create | Villager (Male) |
| 16:41 | Create | Villager (Male) |
| 16:41 | Create | Villager (Male) |
| 16:41 | Create | Villager (Male) |
| 16:42 | Create | Villager (Male) |
| 16:42 | Create | Villager (Male) |
| 16:42 | Create | Villager (Male) |
| 16:43 | Create | Villager (Male) |
| 16:43 | Create | Villager (Male) |
| 16:43 | Create | Villager (Male) |
| 16:43 | Create | Villager (Male) |
| 16:43 | Create | Villager (Male) |
| 17:29 | Build | Archery Range |
| 17:42 | Research | Man-at-Arms (upgrade) |
| 17:43 | Research | Arson |
| 18:05 | Build | Blacksmith |
| 18:11 | Research | Gold Mining |
| 18:39 | Build | Farm |
| 19:03 | Research | Fletching |
| 19:04 | Research | Padded Archer Armor |
| 19:27 | Create | Archer |
| 19:27 | Create | Archer |
| 19:27 | Create | Archer |
| 19:28 | Create | Archer |
| 19:28 | Create | Archer |
| 19:28 | Create | Archer |
| 19:28 | Create | Archer |
| 19:29 | Create | Archer |
| 19:29 | Create | Archer |
| 19:29 | Create | Archer |
| 19:46 | Create | Militia |
| 19:46 | Create | Militia |
| 19:47 | Create | Militia |
| 20:55 | Build | House |
| 21:29 | Research | Scale Mail Armor |
| 21:47 | Build | House |
| 21:54 | Build | House |
| 22:00 | Build | House |
| 22:22 | Research | Castle Age |
| 22:56 | Research | Stone Mining |
| 24:21 | Create | Villager (Male) |
| 24:21 | Create | Villager (Male) |
| 24:22 | Create | Villager (Male) |
| 24:22 | Create | Villager (Male) |
| 24:23 | Create | Villager (Male) |
| 24:23 | Create | Villager (Male) |
| 24:24 | Create | Villager (Male) |
| 24:24 | Create | Villager (Male) |
| 24:24 | Create | Villager (Male) |
| 24:24 | Create | Villager (Male) |
| 24:25 | Create | Villager (Male) |
| 24:25 | Create | Villager (Male) |
| 24:25 | Create | Villager (Male) |
| 24:25 | Create | Villager (Male) |
| 24:26 | Create | Villager (Male) |
| 24:53 | Create | Militia |
| 24:54 | Create | Militia |
| 24:54 | Create | Militia |
| 24:54 | Create | Militia |
| 24:54 | Create | Militia |
| 24:55 | Create | Militia |
| 25:19 | Create | Archer |
| 25:19 | Create | Archer |
| 25:20 | Create | Archer |
| 25:20 | Create | Archer |
| 25:20 | Create | Archer |
| 25:20 | Create | Archer |
| 25:21 | Create | Archer |
| 25:21 | Create | Archer |
| 25:21 | Create | Archer |
| 25:42 | Age | Castle Age |
| 26:08 | Research | Hand Cart |
| 26:24 | Build | Town Center |
| 26:40 | Build | House |
| 26:44 | Build | House |
| 26:54 | Build | University |
| 27:03 | Build | Monastery |
| 27:07 | Research | Bow Saw |
| 27:13 | Research | Heavy Plow |
| 27:51 | Build | House |
| 27:55 | Build | House |
Match timeline
| 7:08 | Vzla_Carlos18 · resign |
| 9:56 | sebojo · wall_segment Palisade Wall x8 |
| 10:05 | sebojo · wall_segment Palisade Wall x4 |
| 10:24 | 我的大姑妈 · age_up feudal |
| 10:37 | Beast-Ki · age_up feudal |
| 10:51 | sebojo · age_up feudal |
| 11:01 | pedr1n · first_building Barracks |
| 11:10 | how are you · age_up feudal |
| 12:32 | sebojo · wall_segment Palisade Wall x12 |
| 12:51 | The Russian Crumpet · age_up feudal |
| 12:53 | 我的大姑妈 · first_market_sell 100 food |
| 14:11 | sebojo · wall_segment Palisade Wall x14 |
| 14:14 | pedr1n · age_up feudal |
| 15:19 | sebojo · first_building Barracks |
| 16:03 | Beast-Ki · first_building Barracks |
| 16:16 | Beast-Ki · first_market_buy 100 food |
| 16:23 | 我的大姑妈 · age_up castle |
| 16:34 | 我的大姑妈 · wall_segment Stone Wall x17 |
| 16:38 | The Russian Crumpet · age_up castle |
| 16:43 | 我的大姑妈 · wall_segment Stone Wall x7 |
| 16:54 | how are you · first_building Barracks |
| 17:29 | sebojo · first_building Archery Range |
| 17:54 | The Russian Crumpet · first_building Castle |
| 17:59 | ironside323437 · wall_segment Stone Wall x13 |
| 18:19 | 我的大姑妈 · wall_segment Stone Wall x10 |
| 18:27 | 我的大姑妈 · wall_segment Stone Wall x3 |
| 18:29 | 我的大姑妈 · wall_segment Stone Wall x1 |
| 18:34 | 我的大姑妈 · wall_segment Stone Wall x10 |
| 18:36 | ironside323437 · first_building Barracks |
| 18:48 | 我的大姑妈 · wall_segment Stone Wall x10 |
| 19:12 | Beast-Ki · age_up castle |
| 19:25 | pedr1n · first_building Archery Range |
| 19:41 | how are you · age_up castle |
| 20:01 | 我的大姑妈 · wall_segment Stone Wall x4 |
| 20:05 | 我的大姑妈 · wall_segment Stone Wall x15 |
| 21:05 | ironside323437 · wall_segment Stone Wall x11 |
| 21:41 | ironside323437 · first_building Archery Range |
| 22:09 | 我的大姑妈 · wall_segment Stone Wall x2 |
| 22:13 | 我的大姑妈 · wall_segment Stone Wall x7 |
| 22:19 | 我的大姑妈 · wall_segment Stone Wall x18 |
| 22:28 | ironside323437 · first_building Monastery |
| 23:06 | 我的大姑妈 · first_building Monastery |
| 23:30 | Beast-Ki · first_building Castle |
| 24:51 | ironside323437 · wall_segment Stone Wall x16 |
| 25:06 | Beast-Ki · first_building Stable |
| 25:42 | sebojo · age_up castle |
| 26:33 | ironside323437 · wall_segment Stone Wall x17 |
| 27:03 | sebojo · first_building Monastery |
| 27:29 | how are you · first_building Castle |
| 27:36 | ironside323437 · first_building Stable |
| 29:08 | Beast-Ki · first_building Siege Workshop |
[ AI ANALYSIS · 1 CREDIT ]
What really happened in this match?
Wolo.gg analyzes every decision: build order, eco, micro, common mistakes by bracket. Personalized analysis on WhatsApp or Discord in 30 seconds.
Civ guide
Khmer
Map guide
MegaRandom
Perfil
Jugador #15090640